 Dungeon Crawl Stone Soup version 0.31-a0-728-g01b46875f1 (webtiles) character file.

Game seed: 17747431308453699052

609 DApurpleWHUMPUS the Magician (level 7, -8/36 HPs)
             Began as a Deep Elf Fire Elementalist on Sept 11, 2023.
             Killed by an exploding quokka (14 damage)
             ... ignited by their inner flame
             ... on level 5 of the Dungeon.
             The game lasted 00:13:14 (3807 turns).

DApurpleWHUMPUS the Magician (DEFE)                 Turns: 3807, Time: 00:13:14

Health: -8/36      AC:  7    Str:  5    XL:     7   Next: 19%
Magic:  16/19      EV: 13    Int: 22    God:
Gold:   168        SH:  0    Dex: 21    Spells: 16/20 levels left

rFire   . . .        B - staff of poison
rCold   . . .        (no shield)
rNeg    . . .        a - +0 robe
rPois   +            (no helmet)
rElec   .            (no cloak)
rCorr   .            n - +0 pair of gloves
SInv    .            (no boots)
Will    .....        (no amulet)
Stlth   ++           q - +4 ring of protection
HPRegen 0.26/turn    m - +6 ring of dexterity
MPRegen 0.16/turn

%: no passive effects
@: no status effects
A: no striking features
a: no special abilities


You were on level 5 of the Dungeon.
You visited 1 branch of the dungeon, and saw 5 of its levels.

You collected 168 gold pieces.

Inventory:

Hand Weapons
 t - a +0 spear
 v - a +2 heavy sling
 x - a +0 dagger
Armour
 a - a +0 robe (worn)
 n - a +0 pair of gloves (worn)
Magical Staves
 B - a staff of poison (weapon)
Jewellery
 m - a +6 ring of dexterity (right hand)
 q - a +4 ring of protection (left hand)
Talismans
 s - a flux talisman
Wands
 i - a wand of digging (6)
 C - a wand of flame (11)
Scrolls
 h - 2 scrolls of revelation {unknown}
 k - 3 scrolls of identify {unknown}
 l - 2 scrolls of teleportation {unknown}
 o - a scroll of enchant weapon {unknown}
 p - 2 scrolls of blinking {unknown}
 w - a scroll of brand weapon {unknown}
 y - a scroll of fog {unknown}
 D - a scroll of torment {unknown}
Potions
 b - a potion of magic
 c - 3 potions of mutation {unknown}
 d - 2 potions of degeneration {unknown}
 e - a potion of heal wounds {unknown}
 f - 2 potions of enlightenment {unknown}
 g - 2 potions of ambrosia {unknown}
 j - a potion of curing {unknown}
 r - a potion of lignification {unknown}
 u - 5 potions of brilliance {unknown}
 z - a potion of resistance {unknown}
 A - a potion of attraction {unknown}


   Skills:
 - Level 2.4 Dodging
 - Level 2.4 Stealth
 * Level 7.3 Spellcasting
 + Level 3.8 Conjurations
 + Level 5.0 Fire Magic
 + Level 3.0 Evocations


You had 16 spell levels left.
You knew the following spells:

 Your Spells              Type           Power      Damage    Failure   Level
a - Foxfire               Conj/Fire      100%       2x1d9     1%          1
b - Inner Flame           Hex/Fire       19%        N/A       9%          3

Your spell library contained the following spells:

 Spells                   Type           Power      Damage    Failure   Level
 Scorch                   Fire           60%        2d7       1%          2
 Volatile Blastmotes      Fire/Tloc      38%        2d13      9%          3
 Flame Wave               Conj/Fire      27%        2d9       13%         4
 Starburst                Conj/Fire      13%        6d6       89%         6
 Plasma Beam              Fire/Air       9%         2x1d20    99%         6


Dungeon Overview and Level Annotations

Branches:
Dungeon (5/15)
 Temple: D:4-7

Altars:
Makhleb


Message History

The ufetubus hits you but does no damage.
A puff of flame appears from out of thin air!
The puff of flame hits you.
Casting: Inner Flame (dangerous; 9% risk of failure)
Confirm with . or Enter, or press ? or * to list all spells.
You don't know that spell.
Unknown command.
Aiming: Throw Flame
Press: ? - help, Shift-Dir - straight line, f/p - quokka
Aim: a quokka (inner flame, 60% to hit)
The puff of flame misses the ufetubus.
The puff of flame misses the quokka.
The puff of flame hits the orc!
You kill the orc!
The ufetubus hits you. The ufetubus misses you.
The quokka twitches its whiskers.
Something hits you but does no damage.
The ufetubus hits you but does no damage.
The ufetubus closely misses you. Something hits you.
The ufetubus attacks as it pursues you! The ufetubus hits you. x2
The ufetubus hits you but does no damage.
The ufetubus closely misses you.
Aiming: Throw Flame
Press: ? - help, Shift-Dir - straight line, f/p - quokka
Aim: a quokka (inner flame, 60% to hit)
The puff of flame hits the ufetubus!
The ufetubus is burned terribly!
You kill the ufetubus!
Something hits you. Something hits you!
* * * LOW HITPOINT WARNING * * *
There are monsters nearby!
There are monsters nearby!
Aiming: Throw Flame
Press: ? - help, Shift-Dir - straight line, f/p - quokka
Aim: a quokka (inner flame, 60% to hit)
The puff of flame hits the quokka.
Flame seeps out of the quokka.
The quokka is severely wounded.
The quokka is engulfed in blazing flames.
The quokka explodes!
The fiery explosion engulfs you!
You die...

......##.......# #........
......#.......## ....♣.♣..
........#....## #........
.....####....# ##)♣..o..♣
.....####....# ##.....<...
.............####..#.......
................o..##.....#
.................{..#######
................@#...#
................§○.#.####
.................§........
...>........###...........
............#...#.........
..............############
........>...###
....#.....### ###########


You could see an orc.

Vanquished Creatures
  An ogre (D:4)
  A centaur (D:5)
  A phantom (D:4)
  2 scorpions
  A howler monkey (D:4)
  A hound (D:4)
  An iguana (D:4)
  An orc wizard (D:4)
  3 adders
  A shadow imp (D:5)
  3 ufetubi
  3 worms
  2 dart slugs
  8 orcs
  3 ball pythons
  3 bats (D:2)
  3 endoplasms
  3 giant cockroaches
  3 goblins
  6 hobgoblins
  4 jackals
  5 kobolds
  5 quokkas
  3 frilled lizards
  9 rats
76 creatures vanquished.

Vanquished Creatures (others)
  233 foxfires
233 creatures vanquished.

Grand Total: 309 creatures vanquished

Notes
Turn   | Place    | Note
-------+----------+-------------------------------------------
     0 | D:1      | DApurpleWHUMPUS the Deep Elf Fire Elementalist began the
                  | quest for the Orb.
     0 | D:1      | Reached XP level 1. HP: 10/10 MP: 6/6
   214 | D:1      | Reached XP level 2. HP: 15/15 MP: 5/8
  1093 | D:2      | Reached skill level 4 in Spellcasting
  1175 | D:2      | Reached XP level 3. HP: 12/19 MP: 3/10
  1777 | D:3      | Found a burning altar of Makhleb.
  2250 | D:4      | Noticed a phantom
  2265 | D:4      | Killed a phantom
  2266 | D:4      | Reached skill level 5 in Spellcasting
  2266 | D:4      | Reached skill level 1 in Evocations
  2266 | D:4      | Reached XP level 4. HP: 24/24 MP: 7/13
  2489 | D:4      | Noticed a scorpion
  2510 | D:4      | Killed a scorpion
  2511 | D:4      | Reached XP level 5. HP: 19/28 MP: 6/15
  2688 | D:4      | Noticed an ogre
  2700 | D:4      | Killed an ogre
  2701 | D:4      | Reached skill level 6 in Spellcasting
  2701 | D:4      | Reached XP level 6. HP: 32/32 MP: 11/17
  2840 | D:4      | Learned a level 3 spell: Inner Flame
  3443 | D:5      | Entered Level 5 of the Dungeon
  3646 | D:5      | Reached skill level 7 in Spellcasting
  3646 | D:5      | Reached XP level 7. HP: 34/36 MP: 11/19
  3675 | D:5      | Reached skill level 5 in Fire Magic
  3807 | D:5      | Killed by an exploding quokka... ignited by their inner
                  | flame

Illustrated notes

Levels and vault maps discovered:
D:1:      lightli_arrival_statuegarden, layout_basic, minmay_misc_feat_x
D:2:      layout_basic, minmay_pentomino_s2
D:3:      layout_rooms, grunt_temple_overflow_lords_of_destruction, minitemple,
          hellmonk_ecumenical_altar_heavens_door, uniq_ijyb
D:4:      layout_basic, nicolae_concentric_dashed_squares_mild
D:5:      layout_rooms, grunt_ministairs_10, nicolae_nh_ransacked_shop

Skill      XL: |  1  2  3  4  5  6  7 |
---------------+----------------------+-----
Spellcasting   | 4 5 6 7 |  7.3
Conjurations   | 2 3 |  3.8
Fire Magic     | 4 5 |  5.0
Evocations     | 1 2 3 |  3.0
Dodging        | |  2.4
Stealth        | |  2.4

Action                     |  1- 3 |  4- 6 |  7- 9 || total
---------------------------+-------+-------+-------++-------
  Melee: Unarmed           |     1 |       |       ||     1
         Spear             |     8 |       |       ||     8
         Dagger            |     4 |       |       ||     4
         Staff             |       |     3 |       ||     3
   Cast: Foxfire           |    79 |    76 |     7 ||   162
         Inner Flame       |       |     1 |     1 ||     2
  Evoke: Wand              |       |     5 |     5 ||    10
 Armour: Robe              |    17 |    56 |    23 ||    96
  Dodge: Dodged            |    17 |    70 |    14 ||   101

Table legend: (Time is in decaauts)
 A = Elapsed time spent in this place.
 B = Non-inter-level travel time spent in this place.
 C = Inter-level travel time spent in this place.
 D = Time resting spent in this place.
 E = Time spent auto-exploring this place.
 F = Levels seen in this place.
 G = Mean time per level.
                   A        B        C        D        E       F      G
               +--------+--------+--------+--------+--------+-----+--------+
         Total |   3808 |   3724 |     84 |    444 |   2472 |   5 |  761.6 |
       Dungeon |   3808 |   3724 |     84 |    444 |   2472 |   5 |  761.6 |
               +--------+--------+--------+--------+--------+-----+--------+

Top non-repeatable levels by time:
     D:4: 1533 daAuts
     D:2: 936 daAuts
     D:1: 814 daAuts
     D:3: 308 daAuts
     D:5: 216 daAuts
